 Dungeon Crawl Stone Soup version 0.29-a0-284-gf9362112df (webtiles) character file.

Game seed: 16720217713035481576

7 Hubjo the Vexing (level 1, 0/14 HPs)
             Began as a Demonspawn Enchanter on Mar 28, 2022.
             Slain by a jackal (1 damage)
             ... on level 1 of the Dungeon.
             The game lasted 00:00:30 (200 turns).

Hubjo the Vexing (Demonspawn Enchanter)              Turns: 200, Time: 00:00:31

Health: 0/14       AC:  2    Str:  8    XL:     1   Next: 91%
Magic:  3/3        EV: 12    Int: 16    God:
Gold:   0          SH:  0    Dex: 13    Spells: 4/4 levels left

rFire   . . .      SeeInvis .   a - +1 dagger
rCold   . . .      Faith    .   (no shield)
rNeg    . . .      Spirit   .   b - +0 robe
rPois   .          Reflect  .   (no helmet)
rElec   .          Harm     .   (no cloak)
rCorr   .          Rampage  .   (no gloves)
Will    .....                   (no boots)
Stlth   ++........              (no amulet)
HPRegen 0.04/turn               (no ring)
MPRegen 0.08/turn               (no ring)

@: no status effects
A: no striking features
a: no special abilities


You were on level 1 of the Dungeon.
You visited 1 branch of the dungeon, and saw 1 of its levels.

Inventory:

Hand Weapons
 a - a +1 dagger (weapon)
Armour
 b - a +0 robe (worn)
Potions
 c - a potion of invisibility


   Skills:
 * Level 0.7 Fighting
 - Level 0.8 Short Blades
 - Level 1.7 Dodging
 * Level 2.9 Stealth
 + Level 2.1 Spellcasting
 + Level 3.0 Hexes


You had 4 spell levels left.
You didn't know any spells.
Your spell library contained the following spells:

 Spells                   Type           Power      Damage    Failure   Level
 Ensorcelled Hibernation  Hex/Ice        12%        N/A       17%         2
 Confusing Touch          Hex            11%        N/A       17%         3
 Tukima's Dance           Hex            11%        N/A       17%         3
 Dazzling Flash           Conj/Hex       12%        N/A       32%         3


Dungeon Overview and Level Annotations

Branches:
Dungeon (1/15)

Altars:


Message History

The jackal closely misses you. The giant cockroach closely misses you.
Found a scroll labelled TUDAKK LI YJI.
The jackal closely misses you. The jackal closely misses you.
The jackal closely misses you.
Found 17 gold pieces.
You flicker for a moment.
You hit the jackal but do no damage.
You flicker back into view.
The jackal barks!
The jackal bites you but does no damage.
The jackal barely misses you.
You barely miss the jackal. The jackal bites you.
* * * LOW HITPOINT WARNING * * *
The jackal barks!
You hit the jackal.
The jackal is moderately wounded.
You hear a bark!
The jackal closely misses you.
You hit the jackal.
The jackal is heavily wounded.
The jackal bites you.
* * * LOW HITPOINT WARNING * * *
The jackal bites you but does no damage.
You hit the jackal.
The jackal is severely wounded.
The jackal bites you but does no damage.
You hit the jackal.
You kill the jackal!
You barely miss the jackal. The jackal barely misses you.
The jackal closely misses you.
You hit the jackal.
The jackal is heavily wounded.
The jackal bites you.
* * * LOW HITPOINT WARNING * * *
You hit the jackal.
You kill the jackal!
You hit the jackal.
The jackal is severely wounded.
The jackal closely misses you. The jackal bites you.
You die...

........$$..
.............
............######.# ##
.........#.......#.# #..
........#..# #@#.##...
..........# ##h#......
.........# #Sr.......
#....#.### #.........
###h.....####.........
#####..#.h..............
........................
.##.g.##...!............
##....##...r....#####.##


You could see a quokka, a jackal and a ball python.

Vanquished Creatures
  2 ball pythons (D:1)
  An endoplasm (D:1)
  2 jackals (D:1)
  A kobold (D:1)
6 creatures vanquished.

Vanquished Creatures (others)
  A plant (D:1)
1 creature vanquished.

Grand Total: 7 creatures vanquished

Notes
Turn   | Place    | Note
-------+----------+-------------------------------------------
     0 | D:1      | Hubjo the Demonspawn Enchanter began the quest for the Orb.
     0 | D:1      | Reached XP level 1. HP: 13/13 MP: 3/3
   200 | D:1      | Slain by a jackal

Illustrated notes

Levels and vault maps discovered:
D:1:      lightli_arrival_flooded_house, layout_rooms

Action                   || total
-------------------------++-------
Melee: Dagger            ||    24
  Use: Potion            ||     1
Armor: Robe              ||     7
Dodge: Dodged            ||    30

Table legend: (Time is in decaauts)
 A = Elapsed time spent in this place.
 B = Non-inter-level travel time spent in this place.
 C = Inter-level travel time spent in this place.
 D = Time resting spent in this place.
 E = Time spent auto-exploring this place.
 F = Levels seen in this place.
 G = Mean time per level.
                   A        B        C        D        E       F      G
               +--------+--------+--------+--------+--------+-----+--------+
         Total |    199 |    199 |      0 |      0 |    131 |   1 |  199.0 |
       Dungeon |    199 |    199 |      0 |      0 |    131 |   1 |  199.0 |
               +--------+--------+--------+--------+--------+-----+--------+

Top non-repeatable levels by time:
     D:1: 199 daAuts
